 Seeded DCSS version 0.29-a0-375-g5102b3be25 (webtiles) character file.

Game seed: 12277325093202877910 (custom seed)

917 zeratav the Transmogrifier (level 8, -7/54 HPs)
             Began as an Octopode Transmuter on May 3, 2022.
             Was an Initiate of Ashenzari.
             Splashed by a jelly's acid (10 damage)
             ... on level 5 of the Dungeon.
             The game lasted 00:06:54 (5216 turns).

zeratav the Transmogrifier (Octopode Transmuter)    Turns: 5216, Time: 00:06:55

Health: -7/54      AC: -18   Str: 10    XL:     8   Next: 9%
Magic:  9/11       EV: 19    Int: 17    God:    Ashenzari [......]
Gold:   897        SH:  0    Dex: 17    Spells: 7/11 levels left

rFire   . . .      SeeInvis .     - Unarmed
rCold   . . .      Faith    .   (shield currently unavailable)
rNeg    + . .      Spirit   .   (helmet currently unavailable)
rPois   .          Reflect  .   (no amulet)
rElec   .          Harm     .   b - +4 ring of protection
rCorr   .          Rampage  .   q - ring of poison resistance
Will    .....                   v - ring of positive energy
Stlth   ++........              (no ring)
HPRegen 0.18/turn               (no ring)
MPRegen 0.12/turn               (no ring)
                                (no ring)
                                (no ring)

@: spider-form, corroded
A: venomous fangs, almost no armour, (amphibious), 8 rings, tiny, (camouflage
1), (gelatinous body 1), (nimble swimmer 1), (tentacles)
a: End Transformation, Renounce Religion, Curse Item


You were on level 5 of the Dungeon.
You worshipped Ashenzari.
Ashenzari was noncommittal.
You were a venomous arachnid creature.
You visited 2 branches of the dungeon, and saw 6 of its levels.

You collected 897 gold pieces.


Innate Abilities, Weirdness & Mutations

You are a venomous arachnid creature.
You have poisonous fangs.
You are tiny and dextrous.
Your spellcasting is less reliable in this form.
Your armour is entirely melded.
You are incapable of wielding weapons or throwing items.
You cannot wear most types of armour.
((You are amphibious.))
You can wear up to eight rings at the same time.
((Your skin changes colour to match your surroundings (Stealth+).))
((Your rubbery body absorbs attacks. (AC +1, EV +1)))
((You are camouflaged when in or above water. (Stealth+)))
((You have tentacles for arms and can constrict up to eight enemies at once.))


   Skills:
 + Level 4.5 Fighting
 - Level 2.0 Dodging
 - Level 3.0 Unarmed Combat
 - Level 2.0 Spellcasting
 - Level 8.0 Transmutations


You had 7 spell levels left.
You knew the following spells:

 Your Spells              Type           Power      Damage    Failure   Level
a - Beastly Appendage     Tmut           56%        N/A       4%          1
b - Spider Form           Tmut/Pois      15%        N/A       26%         3

Your spell library contained the following spells:

 Spells                   Type           Power      Damage    Failure   Level
 Wereblood                Tmut           28%        N/A       5%          2
 Pain                     Necr           4%         1d4       38%         1
 Ice Form                 Ice/Tmut       15%        N/A       58%         4
 Agony                    Necr           1%         N/A       100%        5
 Excruciating Wounds      Necr           0%         N/A       100%        5

Inventory:

Jewellery
 b - a +4 ring of protection (left front leg)
   (You found it on level 1 of the Dungeon)
 q - a ring of poison resistance (right front leg)
   (You found it on level 3 of the Dungeon)
 v - a ring of positive energy (on tentacle)
   (You found it on level 5 of the Dungeon)
Wands
 g - a wand of flame (15)
   (You found it on level 5 of the Dungeon)
 j - a wand of iceblast (8)
   (You found it on level 2 of the Dungeon)
 u - a wand of paralysis (5)
   (You found it on level 5 of the Dungeon)
Scrolls
 a - 2 scrolls of poison {unknown}
 d - a scroll of teleportation {unknown}
 e - 10 scrolls of identify {unknown}
 k - a scroll of brand weapon {unknown}
 l - a scroll of noise {unknown}
 m - a scroll of fog {unknown}
 n - 2 scrolls of amnesia {unknown}
 s - a scroll of vulnerability {unknown}
 t - 2 scrolls of fear {unknown}
 w - a scroll of magic mapping {unknown}
 x - a scroll of silence {unknown}
Potions
 c - 2 potions of flight {unknown}
 f - 2 potions of attraction {unknown}
 h - a potion of might {unknown}
 i - 2 potions of heal wounds {unknown}
 o - a potion of resistance {unknown}
 p - a potion of mutation {unknown}
 r - a potion of curing {unknown}

Dungeon Overview and Level Annotations

Branches:
Dungeon (5/15)             Temple (1/1) D:4

Altars:
Ashenzari
Dithmenos
Elyvilon
Fedhas
Gozag
Kikubaaqudgha
Makhleb
Okawaru
Ru
Sif Muna
Uskayaw
Vehumet
Yredelemnul
The Shining One

###
##################.#
.....)Js...........#
#####################.#
#......# #.# #..###.# #
#.# #......#.# #.#
#.#.######.#.# #.#
#.#.......... #.# #
#.#......#.# #.#
....#.#.....##.# #.#


You could see a jelly (very poisoned).


Message History

You now have 54 max hp (+7).
You regained 4 hp, and now have 39/54 hp.
You feel sick.
You feel sick.
You feel sick.
You feel sick.
You feel sick.
You feel sick.
You feel sick.
You are no longer poisoned.
Your transformation is almost over.
Your transformation has ended.
HP[-2] MP[+4]
You take 2 damage, and now have 37/54 hp.
Your mp is fully restored (11).
x - a scroll labelled PEOKLAQ FADE HP[+17]
Your hp is fully restored (54).
A jelly comes into view.
A jelly is nearby!
You turn into a venomous arachnid creature.
MP[-3]
You lost 3 mp, and now have 8/11 mp.
The jelly quivers.
A jelly comes into view.
The jelly closely misses you.
You hit the jelly but do no damage. The acid corrodes you!
Your front legs burn!
The jelly quivers.
The jelly completely misses you.
HP[-2]
You take 2 damage, and now have 52/54 hp.
You hit the jelly but do no damage.
The jelly is poisoned.
Your front legs burn!
The jelly hits you. The acid corrodes you!
You are splashed with acid!
HP[-15]
You take 15 damage, and now have 37/54 hp.
MASSIVE DAMAGE!! (PAUSE)
You are too injured to fight recklessly!
You are too injured to fight recklessly!
You are too injured to fight recklessly!
You are too injured to fight recklessly!
You are too injured to fight recklessly!
You are too injured to fight recklessly!
You are too injured to fight recklessly!
You are too injured to fight recklessly!
You are too injured to fight recklessly!
You are too injured to fight recklessly!
You are too injured to fight recklessly!
You are too injured to fight recklessly!
You are too injured to fight recklessly!
You are too injured to fight recklessly!
You are too injured to fight recklessly!
You are too injured to fight recklessly!
You are too injured to fight recklessly!
You are too injured to fight recklessly!
You are too injured to fight recklessly!
You are too injured to fight recklessly!
You completely miss the jelly. The jelly barely misses you.
HP[+1]
You hit the jelly but do no damage.
The jelly looks as sick as possible!
Your front legs burn!
The jelly closely misses you.
HP[-4] MP[+1]
You take 4 damage, and now have 34/54 hp.
You hit the jelly but do no damage. The acid corrodes you!
Your front legs burn!
The jelly misses you.
HP[-4]
You take 4 damage, and now have 30/54 hp.
You hit the jelly.
Your front legs burn!
* * * LOW HITPOINT WARNING * * *
You kill the jelly!
HP[-5]
You take 5 damage, and now have 25/54 hp.
You hit the jelly but do no damage. The acid corrodes you!
Your front legs burn!
* * * LOW HITPOINT WARNING * * *
The jelly closely misses you.
HP[-3]
You take 3 damage, and now have 22/54 hp.
You hit the jelly but do no damage.
Your front legs burn!
* * * LOW HITPOINT WARNING * * *
The jelly misses you.
HP[-3]
You take 3 damage, and now have 19/54 hp.
You hit the jelly but do no damage.
The jelly is poisoned.
Your front legs burn!
* * * LOW HITPOINT WARNING * * *
The jelly hits you.
* * * LOW HITPOINT WARNING * * *
The acid corrodes you!
You are splashed with acid.
* * * LOW HITPOINT WARNING * * *
HP[-9]
You take 9 damage, and now have 10/54 hp.
You hit the jelly but do no damage. The acid corrodes you!
Your front legs burn!
* * * LOW HITPOINT WARNING * * *
The jelly hits you.
* * * LOW HITPOINT WARNING * * *
You are splashed with acid!
You die...

Skill      XL: |  1  2  3  4  5  6  7 |
---------------+----------------------+-----
Transmutations | 3 4 5 6 7 8 |  8.0
Fighting       | 4 |  4.5
Dodging        | |  2.0
Unarmed Combat | |  3.0
Spellcasting   | |  2.0

Action                   |  1- 3 |  4- 6 |  7- 9 || total
-------------------------+-------+-------+-------++-------
Melee: Unarmed           |    68 |    99 |    77 ||   244
       Constrict         |    12 |     9 |     1 ||    22
       Kick              |     8 |    13 |       ||    21
       Tentacles         |     8 |    17 |     2 ||    27
       Punch             |     1 |       |       ||     1
 Cast: Beastly Appendage |    16 |    14 |       ||    30
       Spider Form       |       |     8 |     9 ||    17
  Use: Potion            |     1 |       |       ||     1
       Scroll            |       |     1 |       ||     1
 Stab: Sleeping          |     8 |     1 |     1 ||    10
Armor: Skin              |    36 |    26 |    11 ||    73
Dodge: Dodged            |    59 |    72 |    56 ||   187

Levels and vault maps discovered:
D:1:      tarquinn_simple_flora_water_e, layout_basic, basic_ecumenical_altar,
          nicolae_concentric_dashed_squares_wild
D:2:      layout_basic
D:3:      layout_loops_ring
D:4:      layout_loops_corners, minmay_temple_entry_sparse_star
D:5:      layout_basic, mainiacjoe_overflow_six_doors_small
Temple:   dpeg_three_leaves_temple

Notes
Turn   | Place    | Note
-------+----------+-------------------------------------------
     0 | D:1      | zeratav the Octopode Transmuter began the quest for the
                  | Orb.
     0 | D:1      | Reached XP level 1. HP: 13/13 MP: 3/3
     0 | D:1      | magus.rc [v1.9.6]
   176 | D:1      | Reached XP level 2. HP: 18/18 MP: 5/5
   309 | D:1      | Reached skill level 3 in Transmutations
   423 | D:1      | Found a faded altar of an unknown god.
   854 | D:1      | Reached XP level 3. HP: 23/23 MP: 6/6
  1717 | D:2      | Reached skill level 4 in Transmutations
  1842 | D:3      | Reached XP level 4. HP: 28/28 MP: 5/7
  2253 | D:3      | Noticed a bullfrog
  2259 | D:3      | Killed a bullfrog
  2260 | D:3      | Reached skill level 5 in Transmutations
  2260 | D:3      | Reached XP level 5. HP: 30/33 MP: 6/8
  2264 | D:3      | Learned a level 3 spell: Spider Form
  3117 | D:4      | Found a staircase to the Ecumenical Temple.
  3142 | Temple   | Entered the Ecumenical Temple
  3145 | Temple   | Became a worshipper of Ashenzari the Shackled
  3175 | D:4      | Reached skill level 6 in Transmutations
  3175 | D:4      | Reached XP level 6. HP: 34/38 MP: 7/9
  3616 | D:4      | Noticed a black bear
  3621 | D:4      | Killed a black bear
  3745 | D:4      | Reached skill level 7 in Transmutations
  3813 | D:4      | Identified a scroll of acquirement
  3813 | D:4      | Acquired 655 gold pieces
  3944 | D:4      | You pick up a book of Pain and begin reading...
  3944 | D:4      | You add the spells Pain, Agony and Excruciating Wounds to
                  | your library.
  4010 | D:4      | Reached XP level 7. HP: 34/43 MP: 7/10
  4309 | D:5      | Entered Level 5 of the Dungeon
  4517 | D:5      | HP: 7/43 [ogre/+0 giant club (27)]
  4519 | D:5      | Reached skill level 8 in Transmutations
  4519 | D:5      | Reached skill level 2 in Fighting
  4786 | D:5      | Reached skill level 3 in Fighting
  5058 | D:5      | Reached skill level 4 in Fighting
  5058 | D:5      | Reached XP level 8. HP: 39/54 MP: 7/11
  5215 | D:5      | HP: 10/54 [acid (5)]
  5216 | D:5      | HP: 3/54 [jelly (3)]
  5216 | D:5      | Splashed by a jelly's acid

Vanquished Creatures
  2 black bears
  2 ogres (D:5)
  A phantom (D:4)
  2 scorpions
  A bullfrog (D:3)
  2 hounds (D:5)
  A jelly (D:5)
  A gnoll shaman (D:4)
  2 iguanas
  5 gnolls
  2 adders (D:3)
  A white imp (D:5)
  3 dart slugs
  2 orcs
  6 bats
  9 endoplasms
  4 giant cockroaches
  3 hobgoblins
  10 jackals
  3 ball pythons
  4 frilled lizards
  5 goblins
  8 kobolds
  5 rats
84 creatures vanquished.

Table legend:
 A = Non-vault XP
 B = Vault XP
 C = Vault XP percentage of total XP
 D = Non-vault monster count
 E = Vault monster count
 F = Vault count percentage of total count
                 A         B        C        D         E       F
            +---------+---------+-------+---------+---------+-------
      Total |    1310 |       0 |   0.0 |      84 |       0 |   0.0
            +---------+---------+-------+---------+---------+-------
        D:1 |      54 |       0 |   0.0 |      25 |       0 |   0.0
        D:2 |      16 |       0 |   0.0 |       7 |       0 |   0.0
        D:3 |     131 |       0 |   0.0 |      16 |       0 |   0.0
        D:4 |     485 |       0 |   0.0 |      26 |       0 |   0.0
        D:5 |     624 |       0 |   0.0 |      10 |       0 |   0.0
            +---------+---------+-------+---------+---------+-------

Illustrated notes

Table legend:
 A = Kills in this place as a percentage of kills in entire the game.
 B = Kills by you in this place as a percentage of kills by you in the entire game.
 C = Kills by friends in this place as a percentage of kills by friends in the entire game.
 D = Other kills in this place as a percentage of other kills in the entire game.
 E = Experience gained in this place as a percentage of experience gained in the entire game.
 F = Experience gained in this place divided by the number of levels of this place that you have seen.
                   A       B       C       D       E      F
               +-------+-------+-------+-------+-------+----------------------
         Total | 100.0 | 100.0 |   N/A |   N/A | 100.0 | 218.3
       Dungeon | 100.0 | 100.0 |   N/A |   N/A | 100.0 | 262.0
               +-------+-------+-------+-------+-------+----------------------

Table legend: (Time is in decaauts)
 A = Elapsed time spent in this place.
 B = Non-inter-level travel time spent in this place.
 C = Inter-level travel time spent in this place.
 D = Time resting spent in this place.
 E = Time spent auto-exploring this place.
 F = Levels seen in this place.
 G = Mean time per level.
                   A        B        C        D        E       F      G
               +--------+--------+--------+--------+--------+-----+--------+
         Total |   5200 |   5077 |    123 |    545 |   3860 |   6 |  866.7 |
       Dungeon |   5193 |   5074 |    119 |    545 |   3860 |   5 | 1038.6 |
        Temple |      6 |      3 |      3 |      0 |      0 |   1 |    6.0 |
               +--------+--------+--------+--------+--------+-----+--------+

Top non-repeatable levels by time:
     D:4: 1520 daAuts
     D:1: 1260 daAuts
     D:3: 942 daAuts
     D:5: 903 daAuts
     D:2: 568 daAuts
  Temple: 6 daAuts
